 Dungeon Crawl Stone Soup version 0.26.1-11-gd32895ea62 (webtiles) character file.

Game seed: 3318855858548014075

345 adizb the Ruffian (level 6, 0/51 HPs)
             Began as a Draconian Transmuter on June 28, 2021.
             Slain by a leopard gecko (2 damage)
             ... on level 4 of the Dungeon on June 29, 2021.
             The game lasted 00:17:13 (2443 turns).

adizb the Ruffian (Draconian Transmuter)            Turns: 2443, Time: 00:17:15

Health: 0/51       AC:  9    Str: 15    XL:     6   Next: 32%
Magic:  10/10      EV: 13    Int: 17    God:
Gold:   263        SH:  0    Dex: 11    Spells: 10/11 levels left

rFire    + . .     SeeInvis .     - Unarmed
rCold    . . .     Faith    .   (no shield)
rNeg     . . .     Spirit   .   (armour unavailable)
rPois    .         Reflect  .   (helmet currently unavailable)
rElec    .         Harm     .   h - +2 cloak
rCorr    .         Rampage  .   (no gloves)
Will     .....                  (boots currently unavailable)
Stlth    +.........             (no amulet)
HPRegen  0.17/turn              b - +6 ring of intelligence
MPRegen  0.12/turn              (no ring)

@: appendages, hasted and slowed
A: unfitting armour, horns 2, talons 2, dopey 1, fire resistance 1,
cold-blooded, AC +6
a: End Transformation


You were on level 4 of the Dungeon.
You had grown temporary horns.
You had grown temporary talons.
You visited 1 branch of the dungeon, and saw 4 of its levels.

You collected 263 gold pieces.

Inventory:

Armour
 f - a +0 pair of boots (melded)
 h - a +2 cloak (worn)
Jewellery
 b - a +6 ring of intelligence (left hand)
 j - an uncursed ring of ice {unknown}
 p - the amulet of Xom's Entertainment {RegenMP rElec, unknown}
   (You found it on level 4 of the Dungeon)

   [amulet of magic regeneration]

   It increases your magic regeneration.
   It insulates you from electricity.
Scrolls
 c - a scroll of magic mapping {unknown}
 e - 4 scrolls of remove curse
 g - a scroll of teleportation {unknown}
 i - 2 scrolls of fear
 m - a scroll of enchant weapon {unknown}
Potions
 a - a potion of haste
 d - a potion of berserk rage
 k - a potion of brilliance


   Skills:
 + Level 3.1 Fighting
 + Level 3.1 Dodging
 + Level 4.1 Unarmed Combat
 + Level 3.2 Spellcasting
 + Level 3.5 Transmutations


You had 10 spell levels left.
You knew the following spells:

 Your Spells              Type           Power        Failure   Level
a - Beastly Appendage     Tmut           28%          4%          1

Your spell library contained the following spells:

 Spells                   Type           Power        Failure   Level
 Wereblood                Tmut           14%          6%          2
 Spider Form              Tmut/Pois      4%           26%         3
 Ice Form                 Ice/Tmut       8%           63%         4
 Blade Hands              Tmut           7%           73%         5


Dungeon Overview and Level Annotations

Branches:
Dungeon (4/15)
 Temple: D:4-7

Altars:
Fedhas
Uskayaw


Innate Abilities, Weirdness & Mutations

Your plain brown scales are hard. (AC +6)
You cannot fit into any form of body armour.
You are cold-blooded and may be slowed by cold attacks.
You have a pair of horns on your head.
You have razor-sharp toenails.
You are dopey. (Int -2)
Your flesh is heat resistant. (rF+)


Message History

You hit the orc wizard.
The orc wizard is almost dead.
The orc wizard hits you but does no damage. x2
The leopard gecko bites you.
* * * LOW HITPOINT WARNING * * *
You closely miss the orc wizard.
The orc wizard is almost dead.
The orc wizard gestures at you while chanting.
The magic dart hits you.
* * * LOW HITPOINT WARNING * * *
The howler monkey skeleton closely misses you.
The leopard gecko closely misses you. The orc wizard completely misses you.
The leopard gecko closely misses you.
You feel yourself speed up. The orc wizard barely misses you.
The leopard gecko misses you.
The orc wizard gestures at you while chanting.
The magic dart hits you.
* * * LOW HITPOINT WARNING * * *
The orc barely misses you. The leopard gecko bites you.
You die...

.P_P #...###).#
PPP.P#..#[#.#.#
.PPP....)[.##.#
...#.#..##[# .#
# #.#..##.##.#
...........#
#.#.###.#..#
#... #..o..#
)##..##.@#.##
.......ol#.#
.##..###Z# #
#....))#
........#
##.####.# # #.#
#.# ...


You could see an orc wizard (fast), an orc, a leopard gecko and a howler monkey
skeleton.

Vanquished Creatures
  An orc wizard (D:4)
  Crazy Yiuf (D:3)
  2 orc priests (D:3)
  Jessica (D:2)
  A worker ant (D:4)
  A howler monkey skeleton (D:4)
  7 adders
  4 worms
  5 dart slugs
  3 leopard geckos
  11 orcs
  4 bats
  2 giant cockroaches (D:1)
  3 goblins
  9 hobgoblins
  11 jackals
  2 ball pythons (D:2)
  4 frilled lizards
  3 kobolds (D:2)
  4 rats
79 creatures vanquished.

Notes
Turn   | Place    | Note
-------+----------+-------------------------------------------
     0 | D:1      | adizb the Draconian Transmuter began the quest for the Orb.
     0 | D:1      | Reached XP level 1. HP: 16/16 MP: 3/3
   296 | D:1      | Reached XP level 2. HP: 21/23 MP: 3/5
   649 | D:1      | Gained mutation: You are dopey. (Int -2) [potion of
                  | mutation]
   649 | D:1      | Gained mutation: Your flesh is heat resistant. (rF+)
                  | [potion of mutation]
   922 | D:2      | Reached XP level 3. HP: 22/28 MP: 4/6
   992 | D:2      | Found a hide-covered altar of Uskayaw.
  1102 | D:2      | Noticed Jessica
  1105 | D:2      | Killed Jessica
  1117 | D:2      | Reached XP level 4. HP: 24/36 MP: 7/7
  1762 | D:3      | Reached XP level 5. HP: 7/42 MP: 7/9
  2192 | D:3      | Found a runed translucent door.
  2193 | D:3      | Noticed Crazy Yiuf
  2219 | D:3      | Killed Crazy Yiuf
  2220 | D:3      | Reached skill level 4 in Unarmed Combat
  2284 | D:4      | Noticed an ogre
  2312 | D:4      | Got a smoking graven amulet
  2335 | D:4      | Reached XP level 6. HP: 12/51 MP: 10/10
  2355 | D:4      | Found a blossoming altar of Fedhas.
  2443 | D:4      | HP: 2/51 [orc wizard/magic dart (3)]
  2443 | D:4      | Slain by a leopard gecko

Illustrated notes

Levels and vault maps discovered:
D:1:      dpeg_arrival_rooms_with_view, layout_loops_corners
D:2:      layout_loops_corners, marbit_many_paths, uniq_jessica
D:3:      layout_rooms, general_overflow_altar, gammafunk_temple_overflow_wave,
          uniq_crazy_yiuf_cottage
D:4:      kennysheep_slugbush, layout_loops_ring, fedhas_altar_3

Skill      XL: |  1  2  3  4  5 |
---------------+----------------+-----
Dodging        | 2 3 |  3.1
Fighting       | 2 3 |  3.1
Transmutations | 3 |  3.5
Unarmed Combat | 4 |  4.1
Spellcasting   | 3 |  3.2

Action                   |  1- 3 |  4- 6 || total
-------------------------+-------+-------++-------
Melee: Unarmed           |    90 |   196 ||   286
       Kick              |    11 |    53 ||    64
       Headbutt          |     7 |    25 ||    32
       Tailslap          |     3 |    18 ||    21
       Punch             |       |     2 ||     2
 Cast: Beastly Appendage |    15 |    19 ||    34
  Use: Scroll            |     4 |     4 ||     8
       Potion            |     1 |     8 ||     9
Armor: Skin              |    49 |    51 ||   100
Dodge: Dodged            |    75 |   122 ||   197
